 Dungeon Crawl Stone Soup version 0.27.0-1-g7a089689b8 (webtiles) character file.

Game seed: 3908565159744744779

0 WasDam the Grave Robber (level 1, -1/14 HPs)
             Began as a Draconian Necromancer on Aug 1, 2021.
             Frozen to death by an endoplasm (2 damage)
             ... on level 1 of the Dungeon.
             The game lasted 00:02:52 (104 turns).

WasDam the Grave Robber (Draconian Necromancer)      Turns: 104, Time: 00:02:53

Health: -1/14      AC:  4    Str: 10    XL:     1   Next: 8%
Magic:  3/3        EV:  9    Int: 15    God:
Gold:   0          SH:  0    Dex: 11    Spells: 3/4 levels left

rFire    . . .     SeeInvis .   (no weapon)
rCold    . . .     Faith    .   (no shield)
rNeg     . . .     Spirit   .   (armour unavailable)
rPois    .         Reflect  .   (helmet restricted)
rElec    .         Harm     .   (no cloak)
rCorr    .         Rampage  .   (no gloves)
Will     .....                  (no boots)
Stlth    ++........             (no amulet)
HPRegen  0.04/turn              (no ring)
MPRegen  0.08/turn              (no ring)

@: constricted
A: AC +4, unfitting armour, cold-blooded
a: no special abilities


You were on level 1 of the Dungeon.
You visited 1 branch of the dungeon, and saw 2 of its levels.

Inventory:

Jewellery
 a - an amulet of the acrobat
Potions
 b - 2 potions of degeneration {unknown}


   Skills:
 + Level 1.7 Dodging
 + Level 1.7 Stealth
 + Level 2.0 Spellcasting
 + Level 4.0 Necromancy


You had 3 spell levels left.
You knew the following spells:

 Your Spells              Type           Power      Damage    Failure   Level
a - Pain                  Necr           52%        1d6       4%          1

Your spell library contained the following spells:

 Spells                   Type           Power      Damage    Failure   Level
 Animate Skeleton         Necr           26%        N/A       4%          1
 Vampiric Draining        Necr           6%         2d6       13%         3
 Animate Dead             Necr           6%         N/A       38%         4
 Agony                    Necr           13%        N/A       75%         5


Dungeon Overview and Level Annotations

Branches:
Dungeon (2/15)

Altars:

Annotations:
D:2 Natasha


Innate Abilities, Weirdness & Mutations

Your plain brown scales are hard. (AC +4)
You cannot fit into any form of body armour.
You are cold-blooded and may be slowed by cold attacks.


Message History

The jackal bites you but does no damage.
Found a stone staircase leading down.
The jackal completely misses you. The jackal closely misses you.
The jackal barely misses you.
The jackal bites you but does no damage.
The jackal bites you. The jackal barely misses you.
There is a stone staircase leading down here.
The jackal bites you but does no damage.
The jackal bites you. The ball python misses you. x2
The jackal barely misses you. x2; The ball python completely misses you.
The ball python barely misses you.
You climb downwards.
A bat, a rat, an endoplasm, Natasha and a dart slug come into view.
Natasha hisses angrily.
The endoplasm quivers.
Found 19 stones and a small bronze ring.
There is a stone staircase leading up here.
The jackal bites you. x2; The ball python barely misses you. x2
You climb upwards.
The rat twitches its whiskers.
The goblin hits you with a +0 club.
* * * LOW HITPOINT WARNING * * *
The endoplasm closely misses you.
There is a stone staircase leading down, spattered with blood here.
You hit the ball python but do no damage.
Your tail-slap misses the ball python.
The goblin closely misses you. The endoplasm freezes you.
You are frozen.
* * * LOW HITPOINT WARNING * * *
The ball python barely misses you. The ball python grabs you.
The ball python constricts you.
You hit the ball python but do no damage.
The goblin barely misses you. The ball python closely misses you.
* * * LOW HITPOINT WARNING * * *
The ball python constricts you. The endoplasm freezes you.
You are frozen.
You die...

#.#P..P. #.##..#
..#.♣.♣P. ..#..#
..#P♣PP.P ##.#..#
..##########.....#
....#......#...#.#
..........J..#.#.#
.....#########.hr#
........[......JS#
....####......hg@#
....# #.#########
....# ....# #####


You could see an endoplasm, 2 jackals, a goblin, a ball python and a rat.

Vanquished Creatures
  A ball python (D:1)
1 creature vanquished.

Notes
Turn   | Place    | Note
-------+----------+-------------------------------------------
     0 | D:1      | WasDam the Draconian Necromancer began the quest for the
                  | Orb.
     0 | D:1      | Reached XP level 1. HP: 14/14 MP: 3/3
   100 | D:2      | Noticed Natasha
   104 | D:1      | Frozen to death by an endoplasm

Illustrated notes

Levels and vault maps discovered:
D:1:      minmay_arrival_arboretum_small, layout_basic,
          chequers_serial_rivers_micro_e, minmay_misc_feat_pillars,
          kennysheep_small_spiral, minmay_small_reverse_x
D:2:      minmay_roachtagon, layout_rooms, serial_shops, nicolae_shop_trees,
          basic_ecumenical_altar, uniq_natasha

Action                   || total
-------------------------++-------
Melee: Unarmed           ||     6
Armor: Skin              ||     7
Dodge: Dodged            ||    31
